 Dungeon Crawl Stone Soup version 0.30-a0-802-gb92711bcdf (webtiles) character file.

Game seed: 13284796391757992368

14 porpoise the Shooter (level 2, 0/16 HPs)
             Began as a Tengu Hexslinger on Feb 25, 2023.
             Slain by a jackal (3 damage)
             ... on level 1 of the Dungeon.
             The game lasted 00:03:36 (465 turns).

porpoise the Shooter (Tengu Hexslinger)              Turns: 465, Time: 00:03:36

Health: 0/16       AC:  2    Str: 10    XL:     2   Next: 45%
Magic:  4/4        EV:  9    Int: 13    God:
Gold:   35         SH:  0    Dex: 14    Spells: 2/3 levels left

rFire   . . .      SeeInvis .    b - +0 dagger
rCold   . . .      Faith    .    (no shield)
rNeg    . . .      Spirit   .    c - +0 robe
rPois   .          Reflect  .    (helmet restricted)
rElec   .          Harm     .    (no cloak)
rCorr   .          Rampage  .    (no gloves)
Will    .....                    (boots unavailable)
Stlth   ++                       (no amulet)
HPRegen 0.22/turn                (no ring)
MPRegen 0.09/turn                (no ring)

@: constricted
A: beak, talons 3
a: no special abilities


You were on level 1 of the Dungeon.
You visited 1 branch of the dungeon, and saw 1 of its levels.

You collected 35 gold pieces.

Inventory:

Hand Weapons
 a - a +1 sling
 b - a +0 dagger (weapon)
Armour
 c - a +0 robe (worn)
Scrolls
 d - 2 scrolls of vulnerability {unknown}
 e - a scroll of blinking {unknown}
 f - a scroll of poison
 g - a scroll of identify {unknown}
Potions
 h - a potion of ambrosia {unknown}
 i - a potion of attraction {unknown}
 j - a potion of curing {unknown}
 k - a potion of cancellation {unknown}


   Skills:
 + Level 1.4 Fighting
 * Level 2.9 Ranged Weapons
 - Level 2.1 Dodging
 + Level 0.7 Stealth
 - Level 1.0 Spellcasting
 - Level 2.1 Hexes


You had 2 spell levels left.
You knew the following spells:

 Your Spells              Type           Power      Damage    Failure   Level
a - Slow                  Hex            24%        N/A       12%         1

Your spell library contained the following spells:

 Spells                   Type           Power      Damage    Failure   Level
 Ensorcelled Hibernation  Hex/Ice        6%         N/A       26%         2
 Inner Flame              Hex/Fire       3%         N/A       47%         3
 Portal Projectile        Hex/Tloc       6%         N/A       47%         3
 Spider Form              Tmut/Pois      0%         N/A       63%         3
 Cause Fear               Hex            3%         N/A       75%         4
 Anguish                  Hex/Necr       1%         N/A       87%         4


Dungeon Overview and Level Annotations

Branches:
Dungeon (1/15)

Altars:

Shops:
D:1 (


Innate Abilities, Weirdness & Mutations

You have a beak for a mouth.
You have claws for feet.


Message History

You are too injured to fight recklessly!
You are too injured to fight recklessly!
b - a +0 dagger (weapon)
The jackal closely misses you. The rat closely misses you.
The ball python closely misses you. The ball python constricts you.
You closely miss the jackal. Your kick misses the jackal.
Your peck misses the jackal.
The jackal is lightly wounded.
The jackal closely misses you. The ball python barely misses you.
The ball python constricts you. The rat closely misses you.
You hit the jackal.
The jackal is heavily wounded.
The jackal closely misses you. The ball python barely misses you.
The ball python constricts you. The rat barely misses you.
The jackal barely misses you.
You miss the jackal.
The jackal is heavily wounded.
The ball python bites you but does no damage.
The ball python constricts you. The jackal bites you.
The rat barely misses you.
You hit the jackal. Your kick misses the jackal.
The jackal is severely wounded.
The ball python bites you. The ball python constricts you.
The jackal closely misses you. The rat closely misses you.
The ball python barely misses you. The ball python constricts you.
You hit the jackal. Your kick misses the jackal.
The jackal is almost dead.
The jackal bites you.
* * * LOW HITPOINT WARNING * * *
The jackal bites you.
* * * LOW HITPOINT WARNING * * *
The rat misses you.
The ball python bites you but does no damage.
The ball python constricts you.
* * * LOW HITPOINT WARNING * * *
You barely miss the jackal. Your kick misses the jackal.
Your peck misses the jackal.
The jackal is almost dead.
The jackal bites you.
You die...

##.#### ##...#.. ##......##
#........ #......##
####......# ........S######.#
#.# #.r@h.....# #.#
#)######### .# #.# #.# ####.#
#.# ##'## ##....# #.# ##...##
##.....## #.## ##.....##
##.......# ##..##
##.......###........#
##....####.........##........#
...#.....'.........†.†.......#


You could see a jackal, a ball python and a rat.

Vanquished Creatures
  An endoplasm (D:1)
  A goblin (D:1)
  4 hobgoblins (D:1)
  2 jackals (D:1)
  3 ball pythons (D:1)
  A frilled lizard (D:1)
12 creatures vanquished.

Notes
Turn   | Place    | Note
-------+----------+-------------------------------------------
     0 | D:1      | porpoise the Tengu Hexslinger began the quest for the Orb.
     0 | D:1      | Reached XP level 1. HP: 12/12 MP: 3/3
   165 | D:1      | Found Karaf's Weapon Shop.
   196 | D:1      | Reached XP level 2. HP: 16/16 MP: 4/4
   465 | D:1      | Slain by a jackal

Illustrated notes

Levels and vault maps discovered:
D:1:      dpeg_arrival_stone_temple_mockup, layout_loops_corners, serial_shops,
          shop

Action                     || total
---------------------------++-------
  Melee: Dagger            ||     6
   Fire: Sling             ||    29
 Armour: Robe              ||     6
  Dodge: Dodged            ||    22

Table legend: (Time is in decaauts)
 A = Elapsed time spent in this place.
 B = Non-inter-level travel time spent in this place.
 C = Inter-level travel time spent in this place.
 D = Time resting spent in this place.
 E = Time spent auto-exploring this place.
 F = Levels seen in this place.
 G = Mean time per level.
                   A        B        C        D        E       F      G
               +--------+--------+--------+--------+--------+-----+--------+
         Total |    471 |    471 |      0 |      0 |    389 |   1 |  471.0 |
       Dungeon |    471 |    471 |      0 |      0 |    389 |   1 |  471.0 |
               +--------+--------+--------+--------+--------+-----+--------+

Top non-repeatable levels by time:
     D:1: 471 daAuts
